 Dungeon Crawl Stone Soup version 0.23.2-1-ga50397a (webtiles) character file.

Game seed: 12834670734406750818

18688 Iscandelvey the Artisan of Death (level 12, -5/76 HPs)
             Began as a Demonspawn Arcane Marksman on May 3, 2019.
             Was a Priest of Kikubaaqudgha.
             Slain by an ice devil (7 damage)
             ... in an ice cave.
             The game lasted 02:33:00 (18131 turns).

Iscandelvey the Artisan of Death (DsAM)            Turns: 18131, Time: 02:33:03

Health: -5/76      AC: 11    Str: 17    XL:     12   Next: 29%
Magic:  0/35       EV: 15    Int: 19    God:    Kikubaaqudgha [***...]
Gold:   748        SH:  0    Dex: 14    Spells: 10/31 levels left

rFire    . . .     SeeInvis .   V - +7 hunting sling "Qeworhel" {venom, Str+6}
rCold    + . .     Gourm    .   (no shield)
rNeg     . . .     Faith    .   N - +0 steam dragon scales
rPois    .         Spirit   +   (helmet restricted)
rElec    .         Reflect  .   U - +0 cloak
rCorr    .         Harm     .   (no gloves)
MR       .....                  S - +0 pair of boots (curse)
Stlth    +.........             Q - amulet of regeneration
HPRegen  0.62/turn              J - ring of magical power
MPRegen  0.24/turn              o - ring of protection from cold

@: portal projectile
A: antennae 2, iridescent scales 2, powered by death 1, magic shield
a: Receive Corpses, Renounce Religion, Cancel Portal Projectile


You were in an ice cave.
You worshipped Kikubaaqudgha.
Kikubaaqudgha was most pleased with you.
You were not hungry.

You visited 3 branches of the dungeon, and saw 14 of its levels.
You also visited: Ossuary and Ice Cave.

You collected 819 gold pieces.
You spent 71 gold pieces at shops.

Inventory:

Hand Weapons
 e - the +2 quarterstaff "Dafeh Epp" {freeze, *Noise rElec rC+}
   (You found it on level 4 of the Lair of Beasts)

   It has been specially enchanted to freeze those struck by it, causing extra
   injury to most foes and up to half again as much damage against particularly
   susceptible opponents.
   It can also slow down cold-blooded creatures.
   It protects you from cold.
   It insulates you from electricity.
   It may make noises in combat.
 M - a +2 glaive of chopping
 V - the +7 hunting sling "Qeworhel" (weapon) {venom, Str+6}
   (You found it on level 8 of the Dungeon)

   It poisons the ammo it fires.
   It affects your strength (+6).
Missiles
 d - 100 bolts
 i - 329 stones (quivered)
 r - 190 sling bullets
 E - 5 throwing nets
 P - 8 javelins
Armour
 g - a +0 chain mail of fire resistance
 N - +0 steam dragon scales (worn)
 S - a cursed +0 pair of boots (worn)
 U - a +0 cloak (worn)
 Y - a +0 shield
Jewellery
 o - a ring of protection from cold (right hand)
 J - a ring of magical power (left hand)
 K - an uncursed ring of resist corrosion
 O - an uncursed ring of see invisible
 Q - an amulet of regeneration (around neck)
Wands
 a - a wand of disintegration (7)
 s - a wand of acid (19)
 u - a wand of flame (23)
 R - a wand of digging (6)
Scrolls
 b - 9 scrolls of remove curse
 w - 2 scrolls of immolation
 z - 4 scrolls of fog
 B - 6 scrolls of teleportation
 D - a scroll of fear
 Z - a scroll of magic mapping
Potions
 c - a potion of flight
 j - 3 potions of curing
 k - a potion of might
 m - 5 potions of brilliance
 n - 4 potions of agility
 t - 3 potions of mutation
 A - a potion of invisibility
 C - 5 potions of haste
 F - 2 potions of lignification {unknown}
 G - 2 potions of resistance {unknown}
Comestibles
 f - 24 rations


   Skills:
 - Level 1.0 Fighting
   Level 10.0 Crossbows
 - Level 5.1 Dodging
 * Level 10.2 Spellcasting
 - Level 4.0 Conjurations
 - Level 6.8 Hexes
 * Level 11.0 Necromancy


You had 10 spell levels left.
You knew the following spells:

 Your Spells              Type           Power        Failure   Level  Hunger
a - Corona                Hex            #####..      1%          1    None
b - Slow                  Hex            #####...     1%          2    None
c - Inner Flame           Hex/Fire       ###.....     5%          3    None
d - Cause Fear            Hex            #####.....   4%          4    ##.....
e - Portal Projectile     Hex/Tloc       ###...       5%          3    None
f - Vampiric Draining     Necr           ######....   1%          3    None
g - Sublimation of Blood  Necr           ######....   1%          2    None
h - Conjure Flame         Conj/Fire      ###.....     10%         3    None

Your spell library contained the following spells:

 Spells                   Type           Power        Failure   Level  Hunger
 Pain                     Necr           ####         1%          1    None
 Corpse Rot               Necr           N/A          1%          2    None
 Dispel Undead            Necr           ######..     2%          5    #####..
 Flame Tongue             Conj/Fire      ###..        3%          1    None
 Sting                    Conj/Pois      ###.         3%          1    None
 Throw Flame              Conj/Fire      ###...       4%          2    None
 Bolt of Draining         Conj/Necr      #####.....   9%          5    #####..
 Poisonous Vapours        Pois/Air       #.....       11%         2    None
 Mephitic Cloud           Conj/Pois/Air  ##......     13%         3    None
 Leda's Liquefaction      Hex/Erth       ###.......   19%         4    ##.....
 Borgnjor's Vile Clutch   Necr/Erth      ####......   21%         5    #####..
 Excruciating Wounds      Chrm/Necr      ####......   21%         5    #####..
 Sticky Flame             Conj/Fire      ###.....     32%         4    ##.....
 Olgreb's Toxic Radiance  Pois           #.......     58%         4    ##.....
 Fireball                 Conj/Fire      ###.......   65%         5    #####..
 Venom Bolt               Conj/Pois      ###.......   65%         5    #####..
 Simulacrum               Ice/Necr       ####......   75%         6    ######.


Dungeon Overview and Level Annotations

Branches:
Dungeon (9/15)             Temple (1/1) D:5            Lair (4/6) D:9
  Swamp (0/4) Lair:3       Spider (0/4) Lair:2          Orc (0/2) D:9

Altars:
Cheibriados
Dithmenos
Elyvilon
Fedhas
Hepliaklqana
Kikubaaqudgha
Makhleb
Okawaru
Trog
Uskayaw
Vehumet
Yredelemnul
Zin
The Shining One

Shops:
D:5 *

Annotations:
D:6 2 runed translucent doors
D:7 2 transporters, night's ghost, novice DDNe
Lair:3 1 runed translucent door, Ixoagrun's ghost, journeyman MiFi


Innate Abilities, Weirdness & Mutations

You have a pair of antennae on your head.
You are mostly covered in iridescent scales. (AC +4)
You regenerate a little health from kills.
When hurt, damage is shared between your health and your magic reserves.


Message History

* * * LOW HITPOINT WARNING * * *
The ice devil freezes you! You resist.
* * * LOW HITPOINT WARNING * * *
Okay, then.
Okay, then.
Press: ? - help, v - describe, . - travel, g - get item
Here: an ice devil (almost dead, poisoned) 3 stones.
The floor.
Firing (i - inventory. (/) - cycle)
i - 330 stones (quivered)
Press: ? - help, Shift-Dir - straight line, f/p - ice devil
Aim: an ice devil (almost dead, poisoned)
You magically shoot a stone.
The stone hits the ice devil but does no damage.
The ice devil is almost dead.
The ice devil hits you.
* * * LOW HITPOINT WARNING * * *
The ice devil freezes you! You resist.
You die...
Kikubaaqudgha rasps: "You have failed me!
Welcome... death!"

... #### ....
##..## #....
##....### ##.....
#.......##.......
#..∩∩............
#@4.(((.(........
##....##..##...
##..###### #### {


You could see an ice devil.

Vanquished Creatures
  Erolcha (D:9)
  Harold (D:7)
  2 hydras
  A two-headed ogre (D:9)
  Maurice (D:8)
  A black mamba (Lair:3)
  3 elephants (Lair:4)
  4 spiny frogs
  2 rime drakes
  2 komodo dragons
  Prince Ribbit (D:8)
  Grinder (D:5)
  3 bog bodies (Lair:3)
  2 hippogriffs
  27 yaks
  Grum (Lair:1)
  3 steam dragons (D:6)
  A basilisk (Lair:2)
  Edmund (D:6)
  Menkaure (D:6)
  2 swamp worms (Lair:3)
  7 water moccasins
  4 porcupines
  An orc warrior (D:6)
  An ice beast (D:8)
  A sky beast (D:6)
  A phantom (D:6)
  A black bear (D:9)
  An ogre (D:6)
  8 wolves (Lair:1)
  A centaur (D:6)
  2 crocodiles
  An elf zombie (Ossuary)
  10 bullfrogs
  A water moccasin zombie (D:6)
  3 scorpions
  6 killer bees (D:9)
  5 wights (D:7)
  An electric eel (Lair:3)
  3 howler monkeys (D:9)
  2 crimson imps (D:9)
  A jelly (D:6)
  2 centaur zombies (Ossuary)
  3 hounds
  An orc priest (D:9)
  A human zombie (Ossuary)
  A gnoll shaman (D:4)
  2 centaur skeletons (D:7)
  5 orc wizards
  7 worker ants
  A statue (D:9)
  2 big kobold zombies (Ossuary)
  A hound skeleton (D:9)
  2 mummies (Ossuary)
  2 worker ant zombies (D:9)
  5 gnolls
  10 adders
  A shadow imp (D:6)
  An ooze (D:6)
  3 adder zombies
  An adder skeleton (D:6)
  2 worms
  2 dart slugs
  A leopard gecko (D:9)
  20 orcs
  10 giant cockroaches
  3 goblins
  2 hobgoblins (D:1)
  8 jackals
  2 quokkas
  5 bats
  3 frilled lizards
  9 hobgoblin zombies (Ossuary)
  2 jackal zombies
  11 kobolds
  10 kobold zombies (Ossuary)
  2 leopard gecko skeletons (D:4)
  8 orc zombies (Ossuary)
  9 rats
  2 rat zombies (Ossuary)
284 creatures vanquished.

Vanquished Creatures (others)
  3 fungi
  3 plants
6 creatures vanquished.

Grand Total: 290 creatures vanquished

Notes
Turn   | Place    | Note
-------+----------+-------------------------------------------
     0 | D:1      | Iscandelvey the Demonspawn Arcane Marksman began the quest
                  | for the Orb.
     0 | D:1      | Reached XP level 1. HP: 15/15 MP: 2/2
   106 | D:1      | Gained mutation: You regenerate a little health from kills.
                  | [demonic ancestry]
   106 | D:1      | Reached XP level 2. HP: 19/21 MP: 3/3
   156 | D:1      | Learned a level 2 spell: Slow
  1227 | D:2      | Found a faded altar of an unknown god.
  1384 | D:2      | Gained mutation: You are partially covered in iridescent
                  | scales. (AC +2) [demonic ancestry]
  1384 | D:2      | Reached XP level 3. HP: 19/26 MP: 0/4
  1980 | D:2      | Found a shadowy altar of Dithmenos.
  2267 | D:2      | Gained mutation: You have a pair of small antennae on your
                  | head. [demonic ancestry]
  2267 | D:2      | Reached XP level 4. HP: 32/32 MP: 3/6
  3077 | D:4      | Gained mutation: You are mostly covered in iridescent
                  | scales. (AC +4) [demonic ancestry]
  3077 | D:4      | Reached XP level 5. HP: 33/37 MP: 2/7
  3277 | D:4      | Found a basalt altar of Yredelemnul.
  3422 | D:4      | Found a sand-covered staircase.
  3428 | Ossuary  | Entered an ossuary
  3765 | Ossuary  | Reached XP level 6. HP: 43/43 MP: 4/9
  4138 | Ossuary  | Reached skill level 5 in Hexes
  5125 | D:4      | Reached XP level 7. HP: 43/48 MP: 8/11
  5296 | D:5      | Entered Level 5 of the Dungeon
  5344 | D:5      | Found Kicw's General Store.
  5353 | D:5      | Bought a potion of flight for 33 gold pieces
  5353 | D:5      | Bought a scroll of fear for 38 gold pieces
  5354 | D:5      | Noticed Grinder
  5355 | D:5      | Paralysed by Grinder for 2 turns
  5629 | D:5      | Found a staircase to the Ecumenical Temple.
  5642 | Temple   | Entered the Ecumenical Temple
  5652 | Temple   | Became a worshipper of Kikubaaqudgha
  5931 | D:5      | Paralysed by Grinder for 4 turns
  5943 | D:5      | Paralysed by Grinder for 2 turns
  5953 | D:5      | Killed Grinder
  6249 | D:6      | Found a large runed translucent door.
  6249 | D:6      | Found a large runed translucent door.
  6324 | D:6      | Reached skill level 5 in Crossbows
  6382 | D:6      | Noticed Edmund
  6748 | D:6      | Killed Edmund
  6748 | D:6      | Reached XP level 8. HP: 49/54 MP: 9/13
  6842 | D:6      | Found a large runed translucent door.
  6842 | D:6      | Found a large runed translucent door.
  8063 | D:6      | Found a glowing golden altar of the Shining One.
  8063 | D:6      | Found an iron altar of Okawaru.
  8156 | D:6      | Found a bloodstained altar of Trog.
  8156 | D:6      | Noticed Menkaure
  8333 | D:6      | Reached skill level 1 in Necromancy
  8606 | D:6      | Found a glowing silver altar of Zin.
  8648 | D:6      | Killed Menkaure
  8749 | D:6      | Reached skill level 2 in Necromancy
  9101 | D:6      | Learned a level 3 spell: Inner Flame
  9106 | D:6      | Learned a level 4 spell: Cause Fear
  9110 | D:6      | Learned a level 3 spell: Portal Projectile
  9136 | D:6      | Reached * piety under Kikubaaqudgha
  9136 | D:6      | Identified Kikubaaqudgha's Catalogue of Dark Rituals
                  | (Kikubaaqudgha gifted it to you on level 6 of the Dungeon)
  9136 | D:6      | Received a gift from Kikubaaqudgha
  9152 | D:6      | Learned a level 3 spell: Vampiric Draining
  9238 | D:6      | Reached XP level 9. HP: 36/59 MP: 2/15
  9387 | D:6      | Noticed a four-headed hydra
  9706 | D:6      | Killed a four-headed hydra
  9706 | D:6      | Reached skill level 5 in Dodging
  9706 | D:6      | Reached skill level 5 in Spellcasting
  9706 | D:6      | Reached skill level 4 in Necromancy
 10198 | D:7      | Noticed Harold
 10658 | D:6      | Reached skill level 5 in Necromancy
 11171 | D:7      | Killed Harold
 11171 | D:7      | Reached XP level 10. HP: 38/65 MP: 15/19
 11375 | D:7      | Reached skill level 6 in Necromancy
 11381 | D:7      | Found a snail-covered altar of Cheibriados.
 11476 | D:7      | Noticed night's ghost (novice DDNe)
 11491 | D:7      | Found a transporter.
 11517 | D:7      | Found a transporter.
 11835 | D:8      | Found a hazy altar of Hepliaklqana.
 11835 | D:8      | Noticed Prince Ribbit
 11862 | D:8      | Killed Prince Ribbit
 11888 | D:8      | Got a brightly glowing ring mail
 11920 | D:8      | Identified the +1 ring mail "Cuss" {-Cast Str+8 Int+2
                  | Stlth-} (You found it on level 8 of the Dungeon)
 11986 | D:8      | Noticed Maurice
 12070 | D:8      | Killed Maurice
 12225 | D:8      | Reached ** piety under Kikubaaqudgha
 12447 | D:8      | Got an iridescent hunting sling
 12448 | D:8      | Identified the +7 hunting sling "Qeworhel" {venom, Str+6}
                  | (You found it on level 8 of the Dungeon)
 12721 | D:9      | Noticed a two-headed ogre
 12746 | D:9      | Killed a two-headed ogre
 12793 | D:9      | Reached skill level 7 in Necromancy
 12920 | D:9      | Found a staircase to the Orcish Mines.
 12931 | D:9      | Noticed Erolcha
 13198 | D:9      | Got a bloodstained hand axe
 13199 | D:9      | Identified the +2 hand axe of Righteous Fury {antimagic,
                  | rF++ Str+4 Dex+4} (You found it on level 9 of the Dungeon)
 13215 | D:9      | Found a radiant altar of Vehumet.
 13239 | D:9      | Learned a level 2 spell: Sublimation of Blood
 13357 | D:9      | Reached skill level 8 in Necromancy
 13396 | D:9      | Learned a level 3 spell: Conjure Flame
 13482 | D:9      | Found a staircase to the Lair.
 13689 | D:9      | Reached *** piety under Kikubaaqudgha
 13689 | D:9      | Identified Kikubaaqudgha's Tome of Sinister Rites
                  | (Kikubaaqudgha gifted it to you on level 9 of the Dungeon)
 13689 | D:9      | Received a gift from Kikubaaqudgha
 13806 | D:9      | Killed Erolcha
 13806 | D:9      | Reached skill level 1 in Conjurations
 13806 | D:9      | Gained mutation: When hurt, damage is shared between your
                  | health and your magic reserves. [demonic ancestry]
 13806 | D:9      | Reached XP level 11. HP: 35/70 MP: 17/23
 13912 | Lair:1   | Entered Level 1 of the Lair of Beasts
 14402 | Lair:1   | Reached skill level 9 in Necromancy
 14460 | Lair:1   | Noticed Grum
 14499 | Lair:1   | Killed Grum
 15652 | Lair:2   | Found a hole to the Spider Nest.
 15686 | Lair:2   | Found a glowing silver altar of Zin.
 16040 | Lair:2   | Reached skill level 10 in Crossbows
 16669 | Lair:3   | Reached skill level 10 in Necromancy
 16906 | Lair:3   | Noticed a six-headed hydra
 16934 | Lair:3   | Killed a six-headed hydra
 16934 | Lair:3   | Gained mutation: You have a pair of antennae on your head.
                  | [demonic ancestry]
 16934 | Lair:3   | Reached XP level 12. HP: 45/76 MP: 11/25
 17016 | Lair:3   | Found a staircase to the Swamp.
 17111 | Lair:3   | Noticed Ixoagrun's ghost (journeyman MiFi)
 17164 | Lair:3   | Got an ichor-stained scale mail
 17175 | Lair:3   | Identified the +1 scale mail "Sienacli" {*Slow SInv Stlth+}
                  | (You found it on level 3 of the Lair of Beasts)
 17189 | Lair:3   | Found a runed translucent door.
 17696 | Lair:4   | Reached skill level 10 in Spellcasting
 17800 | Lair:4   | Got a scorched quarterstaff
 17801 | Lair:4   | Identified the +2 quarterstaff "Dafeh Epp" {freeze, *Noise
                  | rElec rC+} (You found it on level 4 of the Lair of Beasts)
 17829 | Lair:4   | Reached skill level 11 in Necromancy
 17962 | Lair:4   | Found a frozen archway.
 17968 | IceCv    | Entered an ice cave
 18131 | IceCv    | HP: 2/76 [ice devil (3)]
 18131 | IceCv    | Slain by an ice devil

Skill      XL: |  1  2  3  4  5  6  7  8  9 10 11 12 |
---------------+-------------------------------------+-----
Crossbows      | 2 3 4 5 6 7 9 10 | 10.0
Dodging        | 2 3 4 5 |  5.1
Hexes          | 4 5 6 |  6.8
Spellcasting   | 2 3 4 6 8 9 10 | 10.2
Necromancy     | 2 5 8 10 11 | 11.0
Conjurations   | 1 4 |  4.0
Fighting       | |  1.0

Action                   |  1- 3 |  4- 6 |  7- 9 | 10-12 || total
-------------------------+-------+-------+-------+-------++-------
Melee: Whip              |    80 |       |       |       ||    80
       Dagger            |    48 |   232 |    35 |       ||   315
       Hand axe          |       |    27 |       |       ||    27
       Flail             |       |       |   102 |       ||   102
       Glaive            |       |       |    79 |    60 ||   139
 Fire: Hand crossbow     |    37 |    95 |   135 |    58 ||   325
       Hunting sling     |       |       |     6 |   475 ||   481
Throw: Stone             |       |    15 |     3 |       ||    18
       Javelin           |       |       |     1 |       ||     1
 Cast: Corona            |    22 |    46 |    66 |    20 ||   154
       Slow              |    17 |    32 |    74 |    46 ||   169
       Vampiric Draining |       |       |    17 |    44 ||    61
       Cause Fear        |       |       |     1 |     4 ||     5
       Conjure Flame     |       |       |       |    11 ||    11
       Portal Projectile |       |       |       |     3 ||     3
       Sublimation of Bl |       |       |       |     2 ||     2
Invok: Receive Corpses   |       |       |       |     2 ||     2
  Use: Scroll            |       |       |    11 |     9 ||    20
       Potion            |       |       |     1 |     1 ||     2
 Stab: Sleeping          |     1 |       |       |       ||     1
  Eat: Ration            |     1 |     1 |     3 |       ||     5
       Chunk             |     3 |     9 |    12 |    23 ||    47
Armor: Robe              |    35 |     6 |       |       ||    41
       Leather armour    |       |    73 |    42 |       ||   115
       Steam dragon scal |       |       |    55 |   149 ||   204
Dodge: Dodged            |    84 |   146 |   181 |   321 ||   732
